Map: Blackpink LE

Players

Trickstar

  • Race: Zerg Zerg
  • Spawn Location: 1:00

DeMusliM - Winner!

  • Race: Terran Terran
  • Spawn Location: 7:00

Event: WCS Leipzig 2018

VOD

Have the link to the VOD?

Description

Time

  • Played on: Jan. 26, 2018, 7:41 a.m.
  • Length: 9:54

All games in this series

Show
View Real Time Build Order
Export as new Build Order

Trickstar Zerg 

Build Orders: Hatch First 

Get SALT Encoding   

  12  0:00  Drone  
  13  0:12  Overlord  
  13  0:18  Drone  
  14  0:31  Drone x2  
  14  0:34  Drone  
  17  0:52  Hatchery  
  17  0:55  Drone  
  17  0:58  Drone  
  18  1:10  Extractor  
  17  1:15  Spawning Pool  
  17  1:17  Drone  
  17  1:21  Drone  
  18  1:29  Drone  
  19  1:40  Overlord  
  19  2:01  Queen  
  19  2:02  Zergling x4  
  19  2:03  Queen  
  19  2:04  Zergling x2  
  26  2:11  Metabolic Boost  
  26  2:13  Drone  
  27  2:15  Drone  
  27  2:21  Drone  
  29  2:30  Drone  
  29  2:36  Overlord  
  29  2:37  Queen  
  32  2:46  Overlord  
  32  2:47  Drone x2  
  32  2:51  Pneumatized Carapace  
  34  2:55  Drone  
  35  2:59  Drone  
  35  3:04  Drone  
  37  3:08  Drone  
  37  3:12  Drone x3  
  41  3:13  Drone  
  41  3:16  Drone x2  
  44  3:36  Hatchery  
  43  3:43  Drone  
  43  3:44  Drone x5  
  49  3:48  Lair  
  49  3:53  Overlord x2  
  49  3:55  Zergling x4  
  51  4:03  Roach Warren  
  51  4:05  Drone x2, Extractor  
  51  4:10  Queen  
  51  4:14  Drone x2  
  55  4:20  Overlord  
  55  4:21  Drone x3  
  58  4:29  Spore Crawler  
  58  4:30  Spore Crawler  
  58  4:31  Drone  
  57  4:37  Zergling x2  
  57  4:38  Zergling x2  
  59  4:43  Roach x3  
  59  4:44  Roach  
  67  4:49  Queen  
  69  4:59  Drone x8  
  76  5:03  Overseer  
  76  5:05  Glial Reconstitution  
  76  5:10  Overlord  
  76  5:11  Drone x2  
  76  5:13  Spore Crawler  
  77  5:19  Overlord, Queen  
  79  5:23  Extractor x2  
  79  5:24  Overlord x2  
  77  5:29  Roach x2  
  81  5:36  Overlord x2  
  81  5:39  Drone x4  
  85  5:43  Evolution Chamber  
  85  5:45  Evolution Chamber  
  85  5:46  Overlord  
  83  5:51  Roach x3  
  88  6:02  Drone x4  
  92  6:06  Infestation Pit  
  87  6:14  Overlord  
  87  6:15  Drone x9  
  96  6:26  Zergling x6  
  96  6:29  Zerg Ground Armor Level 1, Hatchery, Zerg Missile Weapons Level 1  
  98  6:35  Roach x3  
  104  6:43  Hive  
  104  6:45  Baneling Nest, Roach  
  104  6:46  Extractor, Roach  
  105  6:54  Roach  
  105  6:55  Roach x4  
  105  7:00  Queen  
  115  7:18  Zergling x14  
  115  7:19  Zergling x16  
  130  7:28  Hatchery  
  129  7:31  Zergling x2  
  93  7:49  Zergling x16  
  84  7:57  Ultralisk Cavern  
  84  7:58  Zergling x2  
  77  8:08  Zergling x6  
  77  8:09  Zergling x4  
  78  8:12  Adrenal Glands  
  78  8:17  Queen x3  
  84  8:20  Hatchery  
  84  8:21  Roach  
  84  8:22  Roach x4  
  93  8:31  Baneling x8  
  93  8:32  Baneling, Centrifical Hooks  
  93  8:37  Zergling x2  
  93  8:38  Zergling x4  
  94  8:51  Zergling x10  
  94  8:53  Queen  
  104  9:02  Drone x4  
  104  9:03  Drone  
  104  9:04  Extractor  
  104  9:05  Extractor  
  97  9:10  Zergling x2  
  97  9:11  Zergling x2  
  97  9:13  Hatchery  
  97  9:15  Ultralisk, Roach  
  102  9:17  Zergling x4  
  90  9:27  Roach  
  90  9:28  Roach x3  
  90  9:33  Roach  
  90  9:36  Zergling x4  
  90  9:37  Zergling x2  
Show
View Real Time Build Order
Export as new Build Order

DeMusliM Terran - Winner!

Build Orders: Reaper Expand, Bio Tank 

Get SALT Encoding   

  12  0:00  SCV  
  13  0:13  SCV  
  14  0:17  Supply Depot  
  14  0:25  SCV  
  15  0:39  SCV  
  15  0:40  Barracks  
  16  0:44  Refinery  
  16  0:51  SCV  
  17  1:03  SCV  
  18  1:15  SCV  
  19  1:27  Reaper  
  19  1:28  Orbital Command  
  20  1:39  Command Center  
  20  1:50  Supply Depot  
  20  1:54  SCV  
  21  1:59  Marine  
  22  2:06  SCV  
  23  2:14  Refinery  
  23  2:15  Factory  
  23  2:18  SCV  
  23  2:20  Barracks Reactor  
  24  2:32  SCV  
  25  2:48  SCV  
  26  2:52  Orbital Command  
  26  3:00  SCV, Starport  
  27  3:06  Hellion x2  
  27  3:09  Barracks Tech Lab  
  27  3:12  SCV  
  33  3:20  SCV  
  33  3:24  SCV  
  34  3:27  Hellion x2  
  34  3:32  SCV  
  39  3:36  SCV  
  39  3:41  Viking, Marine  
  42  3:42  Stimpack  
  42  3:44  SCV  
  42  3:46  Supply Depot  
  44  3:48  SCV  
  44  3:53  Supply Depot  
  45  3:56  SCV  
  46  4:07  SCV  
  46  4:08  SCV  
  46  4:09  Command Center  
  48  4:17  Supply Depot  
  48  4:22  SCV x2, Marine  
  51  4:28  Barracks  
  51  4:30  Barracks  
  51  4:33  Factory Reactor  
  51  4:34  SCV x2, Starport Tech Lab  
  53  4:40  Marine  
  54  4:46  SCV x2  
  54  4:50  Engineering Bay  
  54  4:52  Engineering Bay  
  56  4:58  SCV x2, Marine  
  59  5:00  Refinery x2  
  59  5:10  SCV x2  
  61  5:15  Marine, Starport Reactor  
  61  5:16  Terran Infantry Weapons Level 1  
  61  5:18  Marine  
  61  5:19  Marine  
  61  5:20  Factory Tech Lab, Terran Infantry Armor Level 1  
  64  5:22  SCV, Orbital Command  
  64  5:23  SCV  
  64  5:26  Marine  
  64  5:27  Marine  
  68  5:31  Supply Depot  
  68  5:33  Marine  
  68  5:35  SCV x2  
  71  5:36  Marine x2  
  73  5:43  Orbital Command  
  73  5:44  Marine x2  
  73  5:45  Siege Tank  
  73  5:47  SCV x2, Combat Shields  
  80  5:51  Marine  
  80  5:54  Marine x2  
  83  5:59  SCV x2  
  83  6:02  Marine x2  
  83  6:04  Armory  
  87  6:06  Supply Depot  
  87  6:11  SCV  
  88  6:13  SCV x2  
  90  6:19  Siege Tank  
  93  6:26  SCV x3, Medivac x2, Marine  
  101  6:33  Marine x3  
  101  6:38  SCV x3  
  105  6:40  Refinery  
  105  6:42  Barracks  
  105  6:44  Barracks, Factory  
  105  6:50  SCV x3  
  105  6:52  Bunker  
  108  7:00  Supply Depot  
  108  7:01  Supply Depot  
  108  7:02  SCV  
  109  7:14  Terran Infantry Weapons Level 2  
  109  7:21  Supply Depot, Marine x5, Terran Infantry Armor Level 2  
  109  7:22  SCV  
  115  7:24  Concussive Shells  
  115  7:29  Medivac x2  
  119  7:31  Siege Tank  
  121  7:39  Marine x5  
  121  7:44  Barracks Reactor x2  
  111  7:46  SCV x2  
  102  7:53  Siege Tank  
  102  7:55  Supply Depot  
  102  7:57  Marine x5  
  110  8:05  Siege Tank  
  110  8:14  Command Center  
  110  8:15  Marine x5  
  110  8:19  Supply Depot  
  115  8:22  Barracks  
  115  8:28  Siege Tank, Barracks  
  115  8:30  Barracks  
  115  8:31  Marine x4  
  115  8:33  Marine x5  
  127  8:41  Medivac x2, Siege Tank  
  134  8:48  Refinery, Marine x2  
  134  8:49  Supply Depot, Marine x2  
  134  8:50  Marine x5  
  143  9:01  Siege Tank  
  145  9:06  Marine x2  
  145  9:07  Marine x2  
  145  9:08  Refinery x2  
  149  9:13  Siege Tank  
  149  9:14  Marine  
  149  9:15  Marine  
  149  9:16  Barracks Tech Lab x3  
  147  9:25  Marine x5  
  147  9:31  Supply Depot x3, Marine x2  
  153  9:32  Supply Depot, Marine x2  
Tags
 
Add a new tag
Caveats
  • Supply blocks, unpowered buildings, or Contaminate may cause inaccurate times.
  • Supply counts are checked every 10 seconds.